 Dungeon Crawl Stone Soup version 0.31-a0-544-gceb718ecc6 (webtiles) character file.

Game seed: 7497161547084426843

638 Iich the Trooper (level 7, -5/49 (56) HPs)
             Began as a Demonspawn Fighter on Aug 15, 2023.
             Slain by a wight
             ... wielding a +0 trident
              (8 damage)
             ... on level 6 of the Dungeon.
             The game lasted 00:07:28 (3588 turns).

Iich the Trooper (Demonspawn Fighter)               Turns: 3588, Time: 00:07:29

HP:   -5/49 (56)    AC: 10    Str: 16    XL:     7   Next: 25%
MP:   7/7           EV:  8    Int:  9    God:
Gold: 235           SH:  0    Dex: 15    Spells: 6/6 levels left

rFire   . . .        a - +0 war axe
rCold   . . .        c - +0 buckler
rNeg    . . .        h - +0 chain mail
rPois   .            (no helmet)
rElec   .            (no cloak)
rCorr   .            (no gloves)
SInv    .            (no boots)
Will    .....        (no amulet) Stlth
                     (no ring)
HPRegen 0.28/turn    (no ring)
MPRegen 0.10/turn

%: no passive effects
@: confused, about to teleport, ambrosia-drunk, attractive, heavily drained
A: slimy green scales 1, powered by pain 2, spiny 2
a: no special abilities


You were on level 6 of the Dungeon.
You visited 1 branch of the dungeon, and saw 6 of its levels.
You also visited: Ossuary.

You collected 235 gold pieces.

Inventory:

Hand Weapons
 a - a +0 war axe (weapon)
Armour
 c - a +0 buckler (worn)
 h - a +0 chain mail (worn)
Scrolls
 f - a scroll of acquirement {unknown}
 g - a scroll of poison
 i - 3 scrolls of identify
 j - a scroll of brand weapon
 k - a scroll of noise
 q - 2 scrolls of enchant weapon
 s - a scroll of blinking {unknown}
 t - 4 scrolls of teleportation
 u - 2 scrolls of enchant armour {unknown}
Potions
 b - a potion of lignification
 d - a potion of attraction
 e - 2 potions of magic
 l - a potion of haste {unknown}
 n - a potion of enlightenment {unknown}
 o - a potion of invisibility {unknown}
 p - a potion of brilliance {unknown}
 r - a potion of curing {unknown}


   Skills:
 + Level 5.4 Fighting
 + Level 4.4 Axes
 - Level 2.6 Armour
 + Level 3.9 Dodging
 - Level 2.6 Shields


You had 6 spell levels left.
You didn't know any spells.
Your spell library contained the following spells:

 Spells                   Type           Power      Damage    Failure   Level
 Apportation              Tloc           0%         N/A       100%        1
 Necrotise                Necr           0%         1d4       100%        1
 Sting                    Tmut/Pois      0%         1d3       100%        1
 Summon Small Mammal      Summ           0%         N/A       100%        1
 Ignite Poison            Fire/Tmut/Pois 0%         N/A       100%        3
 Freezing Cloud           Conj/Ice/Air   0%         6-21      100%        5


Dungeon Overview and Level Annotations

Branches:
Dungeon (6/15)            Ossuary (visited)
 Temple: D:4-7

Altars:

Shops:
D:2 :   D:4 [


Innate Abilities, Weirdness & Mutations

You are partially covered in slimy green scales. (AC +2)
You sometimes gain power by taking damage.
You are mostly covered in sharp spines.


Message History

The kobold shouts!
You hear a shout!
The adder is struck by your spines. The adder barely misses you.
You block the adder's attack.
The kobold throws a stone.
The stone hits you but does no damage. The wight hits you but does no damage.
You block the wight's attack.
The wight hits you from afar with a +0 trident.
* * * LOW HITPOINT WARNING * * *
The wight is struck by your spines. The wight hits you with a +2 mace!
* * * LOW HITPOINT WARNING * * *
You feel drained. The wight hits you with a +4 scimitar.
* * * LOW HITPOINT WARNING * * *
You feel drained.
* * * LOW HITPOINT WARNING * * *
The kobold is attracted toward you. x2
You take 14 damage, and have 6/50 hp. !!!!--MASSIVE DAMAGE--!!!!
You are confused.
You feel invigorated. The adder bites you.
* * * LOW HITPOINT WARNING * * *
The adder bites you but does no damage. The kobold misses you.
The wight closely misses you. The wight is struck by your spines.
The wight hits you but does no damage. The wight misses you.
The wight hits you with a +2 mace.
* * * LOW HITPOINT WARNING * * *
The wight hits you with a +4 scimitar.
* * * LOW HITPOINT WARNING * * *
You feel drained. The adder bites you.
* * * LOW HITPOINT WARNING * * *
The adder is struck by your spines.
You kill the adder!
The wight is attracted toward you.
You take 4 damage, and have 2/49 hp.
Okay, then.
The wight attacks as you move away! The wight is struck by your spines.
The wight barely misses you. The kobold is struck by your spines.
You kill the kobold!
A kobold brigand comes into view.
It is wielding a +0 dagger and quivering curare-tipped darts.
The wight hits you with a +4 scimitar.
* * * LOW HITPOINT WARNING * * *
The wight hits you from afar with a +0 trident!
You die...

# .#......# ##.
........#
...### .
.......[#
......
..#####......§K
......
...........§...
.....(
.#..........##
......
.............#
......
#.....@K#
#.###.
#....zzS# # #..
#.....zz......
#..#
#.....z§##..##
...# .........#
... ...#
.........# ##
... .?....?..#
.. ....######
....


You could see a kobold brigand, 5 wights, an adder and a kobold.

Vanquished Creatures
  An ogre (D:5)
  A scorpion (D:5)
  A wight (Ossuary)
  2 bullfrog zombies (Ossuary)
  2 centaur zombies (Ossuary)
  A sleepcap (D:5)
  3 scorpion zombies (Ossuary)
  An ogre zombie (Ossuary)
  4 gnolls (D:5)
  6 adders
  An ufetubus (D:4)
  4 adder zombies (Ossuary)
  A worm (D:2)
  6 orcs
  6 endoplasms
  6 hobgoblins
  9 kobolds
  3 quokkas
  7 ball pythons
  3 bats
  2 frilled lizards
  3 gnoll zombies (Ossuary)
  5 goblins
  2 goblin zombies (Ossuary)
  2 hobgoblin zombies (Ossuary)
  2 orc zombies (Ossuary)
  7 rats
91 creatures vanquished.

Notes
Turn   | Place    | Note
-------+----------+-------------------------------------------
     0 | D:1      | Iich the Demonspawn Fighter began the quest for the Orb.
     0 | D:1      | Reached XP level 1. HP: 18/18 MP: 1/1
   418 | D:1      | Gained mutation: You sometimes gain a little power by
                  | taking damage. [demonic ancestry]
   418 | D:1      | Reached XP level 2. HP: 15/24 MP: 2/2
  1020 | D:1      | Reached skill level 1 in Dodging
  1165 | D:2      | Found Uxzestau's Book Shop.
  1282 | D:2      | Gained mutation: You are partially covered in slimy green
                  | scales. (AC +2) [demonic ancestry]
  1282 | D:2      | Reached XP level 3. HP: 28/29 MP: 3/3
  2082 | D:2      | Gained mutation: You are partially covered in sharp spines.
                  | [demonic ancestry]
  2082 | D:2      | Reached XP level 4. HP: 33/37 MP: 4/4
  2612 | D:3      | Got the Lectures on the Body and the Squall
  2891 | D:4      | You fall into a shaft and drop 2 floors!
  2904 | D:5      | Entered Level 5 of the Dungeon
  2910 | D:5      | Reached skill level 4 in Fighting
  2919 | D:5      | Gained mutation: You are mostly covered in sharp spines.
                  | [demonic ancestry]
  2919 | D:5      | Reached XP level 5. HP: 28/42 MP: 5/5
  2962 | D:5      | Noticed an ogre
  2970 | D:5      | Killed an ogre
  3138 | D:5      | Reached XP level 6. HP: 49/49 MP: 6/6
  3196 | D:4      | Found Lak Nuwk's Armour Shoppe.
  3272 | D:4      | Found a sand-covered staircase.
  3285 | Ossuary  | Entered an ossuary
  3358 | Ossuary  | Reached skill level 5 in Fighting
  3429 | Ossuary  | Gained mutation: You sometimes gain power by taking damage.
                  | [demonic ancestry]
  3429 | Ossuary  | Reached XP level 7. HP: 51/56 MP: 7/7
  3465 | Ossuary  | Noticed a silent spectre
  3587 | D:6      | HP: 2/48 [adder (1)]
  3588 | D:6      | Slain by a wight

Illustrated notes

Levels and vault maps discovered:
D:1:      psy_arrival_dodecagon, layout_basic, serial_corexii_hall,
          chequers_hall_statues_y, chequers_hall_statues_corner_a,
          interstate_on_off
D:2:      layout_basic, serial_shops, shop, minmay_misc_feat_nine_boxes
D:3:      layout_loops_ring
D:4:      layout_basic, enter_ossuary_1, serial_shops, shop
D:5:      layout_basic, nicolae_dithmenos_shadow_blocks,
          kennysheep_generic_room_15
D:6:      layout_rooms, gup_sewer_entry_bowl, uniq_crazy_yiuf_cottage,
          uniq_blork_the_orc

Skill      XL: |  1  2  3  4  5  6 |
---------------+-------------------+-----
Axes           | 2 3 4 |  4.4
Dodging        | 1 2 3 |  3.9
Fighting       | 4 5 |  5.4
Armour         | |  2.6
Shields        | |  2.6

Action                     |  1- 3 |  4- 6 |  7- 9 || total
---------------------------+-------+-------+-------++-------
  Melee: War axe           |    96 |   122 |    14 ||   232
    Use: Scroll            |     6 |     5 |     1 ||    12
         Potion            |       |     3 |     2 ||     5
 Armour: Chain mail        |    63 |    81 |    13 ||   157
         Scale mail        |     2 |       |       ||     2
  Dodge: Dodged            |    29 |    37 |    19 ||    85
  Block: Buckler           |    19 |    27 |    10 ||    56

Table legend: (Time is in decaauts)
 A = Elapsed time spent in this place.
 B = Non-inter-level travel time spent in this place.
 C = Inter-level travel time spent in this place.
 D = Time resting spent in this place.
 E = Time spent auto-exploring this place.
 F = Levels seen in this place.
 G = Mean time per level.
                   A        B        C        D        E       F      G
               +--------+--------+--------+--------+--------+-----+--------+
         Total |   3680 |   3528 |    152 |    102 |   2377 |   7 |  525.7 |
       Dungeon |   3434 |   3282 |    152 |    102 |   2269 |   6 |  572.3 |
       Ossuary |    245 |    245 |      0 |      0 |    108 |   1 |  245.0 |
               +--------+--------+--------+--------+--------+-----+--------+

Top non-repeatable levels by time:
     D:1: 1161 daAuts
     D:2: 961 daAuts
     D:3: 731 daAuts
     D:5: 334 daAuts
 Ossuary: 245 daAuts
     D:4: 226 daAuts
     D:6: 19 daAuts
